 Dungeon Crawl Stone Soup version 0.32-a0-928-g1cae6b7ea0 (webtiles) character file.

Game seed: 17756061600230068005

7054 kae the Mimic (level 10, 0/71 HPs)
             Began as a Demonspawn Shapeshifter on Apr 12, 2024.
             Was an Initiate of Ru.
             Shot with an arrow by a centaur warrior (13 damage)
             ... on level 9 of the Dungeon.
             The game lasted 00:10:43 (8115 turns).

kae the Mimic (Demonspawn Shapeshifter)             Turns: 8115, Time: 00:10:44

Health: 0/71       AC:  6    Str: 14    XL:     10   Next: 83%
Magic:  10/10      EV: 17    Int: 18    God:    Ru [......]
Gold:   454        SH:  0    Dex: 19    Spells: 9/9 levels left

rFire   . .          .
                       - Unarmed
rCold   . . .        (shield currently unavailable)
rNeg    . . .        a - melded +0 animal skin
rPois   .            A - +0 hat
rElec   .            i - +0 cloak
rCorr   .            j - +1 pair of gloves {Dex+3}
SInv    .            (no boots)
Will    .....        g - amulet of regeneration
Stlth   +            I - +6 ring of intelligence
HPRegen 1.11/turn    (no ring)
MPRegen 0.12/turn

%: no passive effects
@: flux-form, glowing
A: glow, contaminating, antennae 1, icy blue scales 2, powered by pain 1
a: Begin Untransformation, Renounce Religion


You were on level 9 of the Dungeon.
You worshipped Ru.
Ru was noncommittal.
You were something dangerously unstable.
You visited 2 branches of the dungeon, and saw 10 of its levels.
You also visited: Bailey.

You collected 454 gold pieces.


Innate Abilities, Weirdness & Mutations

You are something dangerously unstable.
You glow with magical radiation, making you easy to see and hit.
Foes you strike become dangerously contaminated with magical radiation.
You are incapable of wielding weapons or throwing items.
You have a pair of small antennae on your head.
You are mostly covered in icy blue scales. (AC +3)
You sometimes gain a little power by taking damage.


   Skills:
 + Level 3.9 Fighting
 + Level 3.9 Dodging
 * Level 9.4 Unarmed Combat
 * Level 10.9 Shapeshifting


You had 9 spell levels left.
You didn't know any spells.
Your spell library contained the following spells:

 Spells                   Type           Power      Damage    Failure   Level
 Static Discharge         Conj/Air       0%         3-3/arc   32%         2
 Airstrike                Air            0%         2d(0-16)  91%         4
 Summon Lightning Spire   Summ/Air       0%         N/A       91%         4

Inventory:

Missiles
 f - 45 stones (quivered)
 l - 5 boomerangs
 m - 5 javelins
 y - 5 atropa-tipped darts
 z - 4 darts of dispersal {=f!f}
 C - 2 throwing nets {=f!f}
Armour
 a - a +0 animal skin (melded)
 i - a +0 cloak (worn)
   (You found it on level 1 of the Dungeon)
 j - a +1 pair of gloves of dexterity (worn)
   (You found it on level 1 of the Dungeon)
 A - a +0 hat (worn)
   (You found it on level 7 of the Dungeon)
 D - a +3 scale mail
   (You found it on level 6 of the Dungeon)
Magical Staves
 B - a staff of fire {!a}
   (You found it on level 6 of the Dungeon)
 E - a staff of fire {!a}
   (You found it on level 6 of the Dungeon)
Jewellery
 g - an amulet of regeneration (around neck)
   (You found it on level 2 of the Dungeon)
 I - a +6 ring of intelligence (left hand)
   (You took it off Erica on level 8 of the Dungeon)
Talismans
 c - a beast talisman
 d - a flux talisman (active)
Wands
 x - a wand of digging (2)
   (You found it on level 5 of the Dungeon)
Scrolls
 e - 2 scrolls of revelation
 h - a scroll of fear
 n - 2 scrolls of vulnerability {!r!r}
 s - 2 scrolls of immolation {!r!r}
 v - 2 scrolls of fog
 w - 2 scrolls of identify {@r1}
Potions
 b - a potion of lignification {!q}
 k - 2 potions of attraction {!q}
 o - a potion of resistance
 p - 4 potions of curing {@q1}
 q - a potion of berserk rage {!q}
 r - a potion of haste {@q3}
 t - a potion of brilliance
 u - 2 potions of might
 G - a potion of enlightenment
Miscellaneous
 F - a Gell's gravitambourine (1/2)
   (You found it in a bailey)

Dungeon Overview and Level Annotations

Branches:
Dungeon (9/15) Zot: 26533  Temple (1/1) D:7 Zot: 5986    Lair (0/5) D:8
 Bailey (visited)
    Orc: D:9-12

Altars:
Ashenzari
Cheibriados
Dithmenos
Fedhas
Gozag
Hepliaklqana
Kikubaaqudgha
Makhleb
Nemelex Xobeh
Okawaru
Qazlal
Ru
Sif Muna
Trog
Uskayaw
Vehumet
Wu Jian
Yredelemnul

Shops:
D:2

:
###..............................
.................................
......................####**#....
......................# #....
##....................# #....
,#.....####++#........# #....
,##....#,,,,,#........# #....
,,#....#,,,,,#.g).....#######....
,,#....#,,,,,#ggp................
,,*....#,....'.gg.......#######..
*+*,,,,+,....#..........#,,,,,#..
,,,,,,,*,>..,#..........#,,,,,#..
,,,,,,**,..,,#.?..........,,,,#..
,,,,,,*,,,,,,#..#...#...#..,*,#..
,,,,,,*,,,,,,#...###.....##*,,*..
,,,,,,*,,,,,,#.#.*,#..c..*,*,,**,
,,,,,,****,,,*,,,**+,,,,,+**,,,*,


You could see a centaur warrior and 5 gnolls.


Message History

w - 2 scrolls of identify {@r1} (gained 1)
There is an empty arch of ancient stone here.
A gnoll sergeant is nearby!
A gnoll sergeant is nearby!
A gnoll sergeant is nearby!
The gnoll sergeant shouts!
You hear a shout!
The centaur shouts!
The centaur shoots an arrow.
The arrow misses you.
The gnoll shouts! x2
The centaur shoots an arrow.
The arrow barely misses you.
The gnoll sergeant hits you from afar with a +0 spear.
You hear an angry hiss. 😕 HP[-5]
You take 5 damage, and now have 66/71 hp.
The centaur shoots an arrow.
The arrow hits you!
The gnoll sergeant hits you with a +0 spear.
You hit the gnoll sergeant but do no damage.
The gnoll sergeant begins to glow.
The gnoll sergeant hits you but does no damage. 😮 HP[-14]
You take 14 damage, and now have 52/71 hp.
You hit the centaur but do no damage.
The centaur begins to glow.
The centaur unwields a +0 shortbow.
The centaur misses you. The centaur completely misses you.
The gnoll sergeant hits you with a +0 spear.
You are too injured to fight recklessly! 😮 HP[-4]
You take 4 damage, and now have 48/71 hp.
You are too injured to fight recklessly!
You are too injured to fight recklessly!
Unknown command.
You punch the gnoll sergeant!
The gnoll sergeant glows dangerously bright.
The centaur closely misses you. The centaur kicks you. 😮 HP[-1]
You take 1 damage, and now have 47/71 hp.
Unknown command.
You hit the gnoll sergeant.
The gnoll sergeant shudders as magic cascades through it!!!
You kill the gnoll sergeant!
The centaur hits you.
The centaur kicks you but does no damage.
The gnoll hits you from afar with a +1 heavy spear.
The centaur barely misses you.
The centaur closely misses you. 😮 HP[-4]
You take 4 damage, and now have 43/71 hp.
Found a stone staircase leading down.
The gnoll closely misses you. The centaur misses you.
The centaur kicks you but does no damage.
The gnoll hits you with a +1 heavy spear.
Things that are here:
a +0 spear; a +0 ring mail; a gnoll corpse 😮 HP[-3]
You take 3 damage, and now have 40/71 hp.
Unknown command.
You hit the centaur.
The centaur glows dangerously bright.
The centaur hits you but does no damage.
The centaur barely misses you.
The gnoll hits you with a +0 club. 😮 HP[-1]
You take 1 damage, and now have 39/71 hp.
You hit the centaur.
The centaur shudders as magic cascades through it.
The centaur twists and deforms.
The centaur barely misses you. The centaur misses you.
The gnoll hits you with a +1 heavy spear.
The gnoll barely misses you.
The centaur hits you but does no damage.
The centaur kicks you. 😮 HP[-3]
You take 3 damage, and now have 36/71 hp.
The centaur warrior shouts!
You punch the centaur!
The centaur begins to glow.
The centaur warrior shoots an arrow.
The arrow hits you!
* * * LOW HITPOINT WARNING * * *
The centaur barely misses you. The centaur completely misses you.
The gnoll hits you but does no damage. The gnoll misses you. 😨 HP[-7]
You take 7 damage, and now have 29/71 hp.
Unknown command.
You hit the centaur.
The centaur glows dangerously bright.
The centaur warrior shoots an arrow.
The arrow hits you!!
* * * LOW HITPOINT WARNING * * *
The centaur hits you but does no damage.
The centaur kicks you but does no damage.
The gnoll completely misses you. The gnoll closely misses you. 😱 HP[-18]
You take 18 damage, and now have 11/71 hp.
MASSIVE DAMAGE!! (PAUSE)
You completely miss the centaur. The gnoll hits you but does no damage.
The gnoll barely misses you.
The centaur warrior shoots an arrow.
The arrow misses you. The centaur closely misses you.
The centaur kicks you but does no damage. 😱 HP[+1] Unknown command.
Unknown command.
You hit the centaur.
You kill the centaur!
The centaur warrior shoots an arrow.
The arrow hits you!
You die...
Ru respects your ultimate sacrifice.

Skill      XL: |  1  2  3  4  5  6  7  8  9 10 |
---------------+-------------------------------+-----
Shapeshifting  | 3 4 5 7 8 10 | 10.9
Unarmed Combat | 3 4 5 6 8 9 |  9.4
Dodging        | 2 3 |  3.9
Fighting       | 2 3 |  3.9

Action                     |  1- 3 |  4- 6 |  7- 9 | 10-12 || total
---------------------------+-------+-------+-------+-------++-------
  Melee: Unarmed           |   135 |   122 |   345 |   226 ||   828
         Punch             |     1 |       |       |       ||     1
 Invoke: Reject Sacrifices |       |       |       |     1 ||     1
  Evoke: Wand              |       |       |       |     1 ||     1
         Gell's gravitambo |       |       |       |     1 ||     1
    Use: Scroll            |       |    11 |     8 |     4 ||    23
         Potion            |       |     1 |     1 |     1 ||     3
 Armour: Animal skin       |    15 |       |       |       ||    15
         Skin              |    43 |    58 |   160 |   182 ||   443
  Dodge: Dodged            |   118 |    68 |   251 |   257 ||   694
         Form:             |     1 |       |       |       ||     1
         Flux              |     1 |       |       |       ||     1

Levels and vault maps discovered:
D:1:      dpeg_arrival_solitude, layout_rooms
D:2:      layout_loops_cross, serial_shops, shop
D:3:      layout_rooms
D:4:      layout_loops_ring
D:5:      layout_layer_cave, serial_bayou, serial_bayou_crossing,
          serial_bayou_shore_b, serial_bayou_pond_b, serial_bayou_pond_e,
          hex_large, kennysheep_minor_cross, uniq_blork_the_orc
D:6:      minmay_recursive_quarters, layout_gridville, minmay_misc_feat_tiny,
          kb_lookout_dungeons_type, minmay_ruffians, uniq_edmund, uniq_sigmund
D:7:      layout_basic, old_standard_altar, chequers_temple_overflow_minitemple,
          minmay_temple_entry_mini_moons
D:8:      layout_gridville, lair_entry_dummy, uniq_erica
D:9:      layout_irregular_city, tso_altar, enter_bailey_2,
          minmay_fractal_squares_diagonal_5
Temple:   minmay_freezing_vapour_temple

Notes
Turn   | Place    | Note
-------+----------+-------------------------------------------
     0 | D:1      | kae the Demonspawn Shapeshifter began the quest for the
                  | Orb.
     0 | D:1      | Reached XP level 1. HP: 15/15 MP: 1/1
     0 | D:1      | magus.rc [v1.11.3]
   154 | D:1      | Reached skill level 3 in Shapeshifting
   167 | D:1      | Gained mutation: You are partially covered in icy blue
                  | scales. (AC +2) [demonic ancestry]
   167 | D:1      | Reached XP level 2. HP: 16/21 MP: 2/2
   376 | D:1      | Reached skill level 3 in Unarmed Combat
   475 | D:1      | HP: 2/13 [jackal (3)]
   544 | D:2      | Reached XP level 3. HP: 16/26 MP: 3/3
   881 | D:2      | HP: 4/17 [poisoned by a goblin]
   885 | D:2      | HP: 1/17 [poisoned by a goblin]
  1142 | D:2      | Found Tuodd's Book Shop.
  1160 | D:2      | Gained mutation: You have a pair of small antennae on your
                  | head. [demonic ancestry]
  1160 | D:2      | Reached XP level 4. HP: 16/32 MP: 4/4
  1387 | D:3      | Reached skill level 4 in Shapeshifting
  1481 | D:3      | Noticed a sky beast
  1493 | D:3      | Killed a sky beast
  1494 | D:3      | Gained mutation: You sometimes gain a little power by
                  | taking damage. [demonic ancestry]
  1494 | D:3      | Reached XP level 5. HP: 14/37 MP: 5/5
  1867 | D:4      | Reached skill level 4 in Unarmed Combat
  1976 | D:4      | Reached XP level 6. HP: 34/43 MP: 6/6
  2062 | D:4      | Reached skill level 5 in Shapeshifting
  2507 | D:5      | Entered Level 5 of the Dungeon
  2675 | D:5      | Noticed Blork the orc
  2701 | D:5      | Killed Blork the orc
  2744 | D:5      | Reached XP level 7. HP: 48/48 MP: 7/7
  2905 | D:5      | Reached skill level 6 in Shapeshifting
  3090 | D:5      | Reached skill level 5 in Unarmed Combat
  3710 | D:6      | Noticed a human
  3721 | D:6      | Noticed a human
  3723 | D:6      | Noticed a human
  3747 | D:5      | Killed a human
  3748 | D:5      | Reached skill level 7 in Shapeshifting
  3748 | D:5      | Reached XP level 8. HP: 36/54 MP: 8/8
  3803 | D:6      | Reached skill level 6 in Unarmed Combat
  3989 | D:6      | Reached skill level 8 in Shapeshifting
  4037 | D:6      | You pick up a book of Storms and begin reading...
  4037 | D:6      | You add the spells Static Discharge, Airstrike and Summon
                  | Lightning Spire to your library.
  4135 | D:6      | Noticed Sigmund
  4143 | D:6      | Killed Sigmund
  4361 | D:6      | Reached XP level 9. HP: 37/59 MP: 9/9
  4495 | D:6      | Reached skill level 7 in Unarmed Combat
  4637 | D:6      | Reached skill level 9 in Shapeshifting
  4881 | D:6      | Noticed Edmund
  4888 | D:6      | Killed Edmund
  5235 | D:7      | Found an ornate altar of the Wu Jian Council.
  5343 | D:7      | Found a sparkling altar of Nemelex Xobeh.
  5343 | D:7      | Found a snail-covered altar of Cheibriados.
  5350 | D:7      | Found a blossoming altar of Fedhas.
  5352 | D:7      | Found a faded altar of an unknown god.
  5686 | D:7      | Found a staircase to the Ecumenical Temple.
  5707 | Temple   | Entered the Ecumenical Temple
  5712 | Temple   | Became a worshipper of Ru the Awakened
  6049 | D:8      | Reached skill level 2 in Dodging
  6092 | D:8      | Noticed Erica
  6093 | D:8      | Found a staircase to the Lair.
  6175 | D:8      | Killed Erica
  6176 | D:8      | Reached skill level 2 in Fighting
  6176 | D:8      | Reached skill level 8 in Unarmed Combat
  6176 | D:8      | Reached skill level 10 in Shapeshifting
  6176 | D:8      | Gained mutation: You are mostly covered in icy blue scales.
                  | (AC +3) [demonic ancestry]
  6176 | D:8      | Reached XP level 10. HP: 67/67 MP: 10/10
  6511 | D:8      | Noticed a two-headed ogre
  7209 | D:9      | Noticed a five-headed hydra
  7210 | D:9      | Noticed a centaur warrior
  7212 | D:9      | Noticed a two-headed ogre
  7255 | D:9      | HP: 11/68 [centaur/arrow (8)]
  7315 | D:9      | Reached skill level 3 in Dodging
  7348 | D:9      | Killed a two-headed ogre
  7349 | D:9      | Reached skill level 3 in Fighting
  7379 | D:9      | Found a flagged portal.
  7389 | D:9      | HP: 17/70 [five-headed hydra (1)]
  7394 | D:9      | HP: 12/70 [five-headed hydra (3)]
  7396 | D:9      | Killed a five-headed hydra
  7397 | D:9      | Reached skill level 9 in Unarmed Combat
  7445 | Bailey   | Entered a bailey
  8079 | Bailey   | Found a roughly hewn altar of Beogh.
  8079 | Bailey   | Noticed an orc knight
  8079 | Bailey   | Noticed an orc knight
  8113 | D:9      | HP: 11/71 [centaur warrior/arrow (18)]
  8115 | D:9      | Shot with an arrow by a centaur warrior

Vanquished Creatures
  A hydra (D:9)
  Erica (D:8)
  A two-headed ogre (D:9)
  Sigmund (D:6)
  A wyvern (D:9)
  5 humans
  A wraith (D:9)
  A steam dragon (D:6)
  Edmund (D:6)
  3 water moccasins
  7 orc warriors (Bailey)
  2 ice beasts
  A sky beast (D:3)
  3 black bears
  3 ogres
  6 centaurs
  Blork the orc (D:5)
  2 scorpions
  3 bullfrogs
  A gnoll sergeant (D:9)
  5 killer bees (D:8)
  5 howler monkeys
  2 bombardier beetles (D:5)
  3 orc priests
  7 hounds
  A gnoll bouda (D:6)
  4 sleepcaps
  3 iguanas
  5 orc wizards
  A gnoll (D:6)
  4 adders
  2 shadow imps
  2 ufetubi (D:6)
  3 dart slugs (D:2)
  A ribbon worm (D:5)
  36 orcs
  7 ball pythons
  6 endoplasms
  2 giant cockroaches
  5 goblins
  3 hobgoblins
  7 jackals
  7 quokkas
  4 bats
  5 frilled lizards
  4 kobolds
  3 rats
182 creatures vanquished.

Table legend:
 A = Non-vault XP
 B = Vault XP
 C = Vault XP percentage of total XP
 D = Non-vault monster count
 E = Vault monster count
 F = Vault count percentage of total count
                 A         B        C        D         E       F
            +---------+---------+-------+---------+---------+-------
      Total |    4470 |    5723 |  56.1 |     141 |      41 |  22.5
            +---------+---------+-------+---------+---------+-------
        D:1 |      28 |       0 |   0.0 |      15 |       0 |   0.0
        D:2 |      71 |       0 |   0.0 |      26 |       0 |   0.0
        D:3 |     189 |       0 |   0.0 |      11 |       0 |   0.0
        D:4 |     150 |       0 |   0.0 |      12 |       0 |   0.0
        D:5 |     542 |     624 |  53.5 |      14 |       6 |  30.0
        D:6 |     824 |    1407 |  63.1 |      14 |      13 |  48.1
        D:7 |     668 |       0 |   0.0 |      15 |       0 |   0.0
        D:8 |    1308 |     831 |  38.8 |      28 |       1 |   3.4
        D:9 |     690 |    1891 |  73.3 |       6 |       3 |  33.3
     Bailey |       0 |     970 | 100.0 |       0 |      18 | 100.0
            +---------+---------+-------+---------+---------+-------

Skill      XL: |  1  2  3  4  5  6  7  8  9 10 |
---------------+-------------------------------+-----
Shapeshifting  | 3 4 5 7 8 10 | 10.9
Unarmed Combat | 3 4 5 6 8 9 |  9.4
Dodging        | 2 3 |  3.9
Fighting       | 2 3 |  3.9

Action                     |  1- 3 |  4- 6 |  7- 9 | 10-12 || total
---------------------------+-------+-------+-------+-------++-------
  Melee: Unarmed           |   135 |   122 |   345 |   226 ||   828
         Punch             |     1 |       |       |       ||     1
 Invoke: Reject Sacrifices |       |       |       |     1 ||     1
  Evoke: Wand              |       |       |       |     1 ||     1
         Gell's gravitambo |       |       |       |     1 ||     1
    Use: Scroll            |       |    11 |     8 |     4 ||    23
         Potion            |       |     1 |     1 |     1 ||     3
 Armour: Animal skin       |    15 |       |       |       ||    15
         Skin              |    43 |    58 |   160 |   182 ||   443
  Dodge: Dodged            |   118 |    68 |   251 |   257 ||   694
         Form:             |     1 |       |       |       ||     1
         Flux              |     1 |       |       |       ||     1

Illustrated notes

Table legend:
 A = Kills in this place as a percentage of kills in the entire game.
 B = Kills by you in this place as a percentage of kills by you in the entire game.
 C = Kills by friends in this place as a percentage of kills by friends in the entire game.
 D = Other kills in this place as a percentage of other kills in the entire game.
 E = Experience gained in this place as a percentage of experience gained in the entire game.
 F = Experience gained in this place divided by the number of levels of this place that you have seen.
                   A       B       C       D       E      F
               +-------+-------+-------+-------+-------+----------------------
         Total | 100.0 | 100.0 |   N/A |   N/A | 100.0 | 926.6
       Dungeon |  90.1 |  90.1 |   N/A |   N/A |  90.5 | 1024.8
        Bailey |   9.9 |   9.9 |   N/A |   N/A |   9.5 | 970.0
               +-------+-------+-------+-------+-------+----------------------

Table legend: (Time is in decaauts)
 A = Elapsed time spent in this place.
 B = Non-inter-level travel time spent in this place.
 C = Inter-level travel time spent in this place.
 D = Time resting spent in this place.
 E = Time spent auto-exploring this place.
 F = Levels seen in this place.
 G = Mean time per level.
                   A        B        C        D        E       F      G
               +--------+--------+--------+--------+--------+-----+--------+
         Total |   8130 |   7735 |    395 |    694 |   5181 |  11 |  739.1 |
       Dungeon |   7430 |   7035 |    395 |    418 |   4999 |   9 |  825.6 |
        Temple |     13 |     13 |      0 |      0 |      0 |   1 |   13.0 |
        Bailey |    686 |    686 |      0 |    275 |    182 |   1 |  686.0 |
               +--------+--------+--------+--------+--------+-----+--------+

Top non-repeatable levels by time:
     D:6: 1331 daAuts
     D:5: 1237 daAuts
     D:7: 1044 daAuts
     D:8: 860 daAuts
     D:2: 851 daAuts
  Bailey: 686 daAuts
     D:4: 679 daAuts
     D:1: 509 daAuts
     D:9: 465 daAuts
     D:3: 450 daAuts
  Temple: 13 daAuts
